 Dungeon Crawl Stone Soup version 0.29-a0-40-g8eb35efe60 (webtiles) character file.

Game seed: 14750613453499502303

93 crazypyro the Covered (level 4, -7/41 HPs)
             Began as a Minotaur Fighter on Feb 1, 2022.
             Killed by divine providence
             ... invoked by an orc priest
              (10 damage)
             ... on level 3 of the Dungeon.
             The game lasted 00:01:28 (1709 turns).

crazypyro the Covered (Minotaur Fighter)            Turns: 1709, Time: 00:01:29

Health: -7/41      AC:  7    Str: 22    XL:     4   Next: 37%
Magic:  3/3        EV:  9    Int:  5    God:
Gold:   51         SH:  4    Dex: 10    Spells: 3/3 levels left

rFire   . . .      SeeInvis .   a - +0 war axe
rCold   . . .      Faith    .   c - +0 buckler
rNeg    . . .      Spirit   .   b - +0 scale mail
rPois   .          Reflect  .   (helmet restricted)
rElec   .          Harm     .   (no cloak)
rCorr   .          Rampage  .   (no gloves)
Will    .....                   (no boots)
Stlth   ..........              (no amulet)
HPRegen 0.13/turn               (no ring)
MPRegen 0.08/turn               (no ring)

@: no status effects
A: horns 2, retaliatory headbutt
a: no special abilities


You were on level 3 of the Dungeon.
You visited 1 branch of the dungeon, and saw 3 of its levels.

You collected 51 gold pieces.

Inventory:

Hand Weapons
 a - a +0 war axe (weapon)
Armour
 b - a +0 scale mail (worn)
 c - a +0 buckler (worn)
Jewellery
 j - a ring of flight
 k - a +6 ring of strength
 o - a +6 ring of intelligence
Scrolls
 f - a scroll of teleportation {unknown}
 g - a scroll of fear {unknown}
 i - 2 scrolls of identify {unknown}
 m - a scroll of enchant armour {unknown}
 n - a scroll of fog {unknown}
 p - a scroll of noise {unknown}
Potions
 d - a potion of might
 e - 2 potions of mutation {unknown}
 h - 3 potions of curing {unknown}
 l - a potion of attraction {unknown}


   Skills:
 + Level 4.4 Fighting
 + Level 3.5 Axes
 + Level 4.4 Armour
 + Level 4.4 Shields


You had 3 spell levels left.
You didn't know any spells.
Your spell library was empty.

Dungeon Overview and Level Annotations

Branches:
Dungeon (3/15)

Altars:


Innate Abilities, Weirdness & Mutations

You have a pair of horns on your head.
You reflexively headbutt those who attack you in melee.


Message History

You block the orc's attack.
You barely miss the orc. The orc hits you with a +0 hand axe.
You closely miss the orc. The orc completely misses you.
The orc hits you with a +0 hand axe.
You closely miss the orc. The orc hits you but does no damage.
You barely miss the orc. The orc completely misses you.
You furiously retaliate!
You headbutt the orc!
You kill the orc!
No target in view!
Things that are here:
a +0 hand axe; a +0 ring mail
There is an open door here.
There is a large open door here.
You open the door.
There is an open door here.
An orc and an orc priest come into view.
The orc shouts!
The orc priest shouts!
The orc priest moves out of view.
An orc is nearby!
An orc comes into view. It is wielding a +0 club.
The orc shouts!
A worm comes into view.
The orc priest mumbles some strange prayers to Beogh against you.
Beogh smites you!
You slash the orc!
You kill the orc!
The orc priest invokes the aid of Beogh against you.
Beogh smites you!
The orc priest mumbles some strange prayers to Beogh against you.
Pain shoots through your body!
* * * LOW HITPOINT WARNING * * *
The orc priest invokes the aid of Beogh against you.
Pain shoots through your body!
* * * LOW HITPOINT WARNING * * *
There is an open door here.
There is an open door here.
There is a large open door here.
The orc priest mumbles some strange prayers to Beogh against you.
Beogh smites you!
You die...

# ####...##..#...##.## #
#.....†....##+###..# #
#.#####....##.# ##.## #
#.#####.#.....# #..#
###....##.#..#### #..#
##.....##......######'#######
.'.....####....##...........#
##.....# #.....##...........#
##'...###.....'@...<.......#
#'...'..o..o.##.....>.....#
###...####....####'#########
##.'...# #....# #)####
##.#...# #....# #....#
##.###### ###### ####.#
##.#..o.# #####.####
##o#.##.# #........#
##...##)....... #.#..#####


You could see an orc priest and an orc.

Vanquished Creatures
  Jessica (D:3)
  Robin (D:3)
  An adder (D:3)
  A worm (D:2)
  A dart slug (D:3)
  2 orcs (D:3)
  2 bats (D:1)
  An endoplasm (D:1)
  A giant cockroach (D:1)
  12 goblins
  5 hobgoblins
  2 quokkas (D:1)
  2 ball pythons (D:2)
  2 kobolds
  5 rats (D:1)
39 creatures vanquished.

Notes
Turn   | Place    | Note
-------+----------+-------------------------------------------
     0 | D:1      | crazypyro the Minotaur Fighter began the quest for the Orb.
     0 | D:1      | Reached XP level 1. HP: 19/19 MP: 0/0
   199 | D:1      | Reached XP level 2. HP: 25/27 MP: 1/1
  1043 | D:3      | Noticed Robin
  1047 | D:3      | Reached XP level 3. HP: 30/33 MP: 2/2
  1106 | D:3      | Noticed Jessica
  1114 | D:3      | Killed Robin
  1116 | D:3      | Killed Jessica
  1117 | D:3      | Reached XP level 4. HP: 37/41 MP: 3/3
  1688 | D:3      | HP: 1/41 [orc priest/nerve-wracking pain (5)]
  1709 | D:3      | Killed from afar by an orc priest

Illustrated notes

Levels and vault maps discovered:
D:1:      scummos_arrival_simple_fountains, layout_rooms
D:2:      layout_basic
D:3:      layout_basic, serial_corexii_hall, corexii_hall_statues_s,
          chequers_hall_statues_corner_a, uniq_robin, uniq_jessica

Skill      XL: |  1  2 |
---------------+-------+-----
Shields        | 4 |  4.4
Fighting       | 4 |  4.4
Armour         | 4 |  4.4
Axes           | 3 |  3.5

Action                   |  1- 3 |  4- 6 || total
-------------------------+-------+-------++-------
Melee: War axe           |    52 |    20 ||    72
       Headbutt          |     6 |       ||     6
Armor: Scale mail        |    38 |     7 ||    45
Dodge: Dodged            |    27 |    10 ||    37
Block: Buckler           |    11 |     3 ||    14

Table legend: (Time is in decaauts)
 A = Elapsed time spent in this place.
 B = Non-inter-level travel time spent in this place.
 C = Inter-level travel time spent in this place.
 D = Time resting spent in this place.
 E = Time spent auto-exploring this place.
 F = Levels seen in this place.
 G = Mean time per level.
                   A        B        C        D        E       F      G
               +--------+--------+--------+--------+--------+-----+--------+
         Total |   1743 |   1690 |     53 |      0 |   1453 |   3 |  581.0 |
       Dungeon |   1743 |   1690 |     53 |      0 |   1453 |   3 |  581.0 |
               +--------+--------+--------+--------+--------+-----+--------+

Top non-repeatable levels by time:
     D:2: 848 daAuts
     D:3: 625 daAuts
     D:1: 270 daAuts
